 Dungeon Crawl Stone Soup version 0.29-a0-1009-g60c99734e7 (webtiles) character file.

Game seed: 11316781956988492730

23 2tc the Chopper (level 2, -1/26 HPs)
             Began as a Hill Orc Fighter on Aug 8, 2022.
             Succumbed to a kobold's poison
             ... on level 1 of the Dungeon.
             The game lasted 00:02:03 (859 turns).

2tc the Chopper (Hill Orc Fighter)                   Turns: 859, Time: 00:02:04

Health: -1/26      AC:  6    Str: 18    XL:     2   Next: 95%
Magic:  2/2        EV:  6    Int:  8    God:
Gold:   53         SH:  0    Dex: 10    Spells: 1/1 levels left

rFire   . . .      SeeInvis .   g - +0 hand axe
rCold   . . .      Faith    .   (no shield)
rNeg    . . .      Spirit   .   b - +0 scale mail
rPois   .          Reflect  .   (no helmet)
rElec   .          Harm     .   (no cloak)
rCorr   .          Rampage  .   (no gloves)
Will    +....                   (no boots)
Stlth   ..........              (no amulet)
HPRegen 0.08/turn               e - ring of willpower
MPRegen 0.08/turn               (no ring)

@: lethally poisoned (-1 -> -22), constricted
A: no striking features
a: no special abilities


You were on level 1 of the Dungeon.
You visited 1 branch of the dungeon, and saw 1 of its levels.

You collected 53 gold pieces.

Inventory:

Hand Weapons
 a - a +0 war axe
 g - a +0 hand axe (weapon)
Armour
 b - a +0 scale mail (worn)
 c - a +0 buckler
Jewellery
 e - a ring of willpower (left hand)
Scrolls
 h - a scroll of identify {unknown}
Potions
 d - a potion of might


   Skills:
 - Level 3.6 Fighting
 * Level 4.5 Axes
 - Level 3.2 Armour
 - Level 3.2 Shields


You had one spell level left.
You didn't know any spells.
Your spell library was empty.

Dungeon Overview and Level Annotations

Branches:
Dungeon (1/15)

Altars:


Message History

You completely miss the hobgoblin.
The hobgoblin is severely wounded.
The hobgoblin hits you.
You barely miss the hobgoblin.
The hobgoblin is severely wounded.
The hobgoblin barely misses you.
You barely miss the hobgoblin.
The hobgoblin is severely wounded.
The hobgoblin hits you but does no damage.
You slash the hobgoblin!
You kill the hobgoblin!
Press: ? - help, v - describe, . - travel
Here: a kobold, wielding a +2 whip of venom The floor.
Unknown command.
Unknown command.
You closely miss the ball python.
The ball python bites you but does no damage.
The ball python barely misses you. The ball python misses you.
The ball python grabs you. The ball python constricts you.
You slash the ball python!
You kill the ball python!
You closely miss the kobold. The kobold closely misses you.
You barely miss the kobold.
The kobold hits you with a +2 whip of venom.
You are poisoned.
You closely miss the kobold.
You feel very sick.
The kobold hits you with a +2 whip of venom.
You are lethally poisoned!
The kobold hits you with a +2 whip of venom.
You are more poisoned.
You slash the kobold!
You kill the kobold!
* * * LOW HITPOINT WARNING * * *
You feel very sick.
The ball python bites you but does no damage.
The ball python grabs you. The ball python constricts you.
You closely miss the ball python.
You die...

#.. ...####.####......
#[.## #.#.......#......
#...P##........†#......
♣P...######..#......
♣P...# #.#.......
###..##+###.#.......
#..#.....)#......#
#..#.....#...#♣.♣#
#@.#######††....# #S##
.....#♣.♣ ..#
.......#.... $...
#........♣.♣ .....
#..........# .......
#.......#♣.♣ .......#
#.......# .. #.......#
. #


You could see a ball python.

Vanquished Creatures
  2 ball pythons (D:1)
  A bat (D:1)
  An endoplasm (D:1)
  A giant cockroach (D:1)
  3 goblins (D:1)
  2 hobgoblins (D:1)
  3 quokkas (D:1)
  2 frilled lizards (D:1)
  3 kobolds (D:1)
  3 rats (D:1)
21 creatures vanquished.

Notes
Turn   | Place    | Note
-------+----------+-------------------------------------------
     0 | D:1      | 2tc the Hill Orc Fighter began the quest for the Orb.
     0 | D:1      | Reached XP level 1. HP: 19/19 MP: 1/1
    19 | D:1      | Reached skill level 3 in Axes
   307 | D:1      | Reached XP level 2. HP: 24/26 MP: 2/2
   546 | D:1      | Reached skill level 4 in Axes
   859 | D:1      | Succumbed to a kobold's poison

Illustrated notes

Levels and vault maps discovered:
D:1:      wander_arrival_desolate, layout_rooms, serial_forest,
          infiniplex_forest_clump_tiny, infiniplex_forest_end_1,
          infiniplex_forest_lined_3_way, infiniplex_forest_lined_room_2,
          infiniplex_forest_clump_medium, shapermc_ecumenical_altar_mp_vishouse

Skill      XL: |  1  2 |
---------------+-------+-----
Axes           | 3 4 |  4.5
Fighting       | |  3.6
Armour         | |  3.2
Shields        | |  3.2

Action                   || total
-------------------------++-------
Melee: War axe           ||    35
       Hand axe          ||    45
       Punch             ||     1
  Use: Scroll            ||     1
Armor: Scale mail        ||    42
Dodge: Dodged            ||    38

Table legend: (Time is in decaauts)
 A = Elapsed time spent in this place.
 B = Non-inter-level travel time spent in this place.
 C = Inter-level travel time spent in this place.
 D = Time resting spent in this place.
 E = Time spent auto-exploring this place.
 F = Levels seen in this place.
 G = Mean time per level.
                   A        B        C        D        E       F      G
               +--------+--------+--------+--------+--------+-----+--------+
         Total |    874 |    874 |      0 |      0 |    715 |   1 |  874.0 |
       Dungeon |    874 |    874 |      0 |      0 |    715 |   1 |  874.0 |
               +--------+--------+--------+--------+--------+-----+--------+

Top non-repeatable levels by time:
     D:1: 874 daAuts
